Description

This build order in really easy to execute and works well on small maps. It his design to give you fast wins and it's hard to counter if you never played against it.

The goal is to do a cannon rush + proxy 3 gates. The cannon will help you to break de wall and your opponent will not be able to have enough unit to hold your zealots.

This build can be done in all league.

Few tips :

  • Send directly a zealot in the third of your opponent
  • Stop your probe production at 15/23
  • Add gates before forge
  • Make only one cannon. It's enough
  • The cannon should reach the gate from your opponent
  • Focus the 2 gates
  • Use your probe to kill the gate too

If you have any questions, you can ask them in the comment section below.

VOD

https://youtu.be/UuCla0IPDtI

Replay - Proxy cannon + 3Gates

Build Order

Get SALT Encoding   

  1  0:00  Probe  
  12  0:05  Probe  
  14  0:15  Probe  
  15  0:37  Pylon  
  15  0:56  Gateway x3  
  15  1:10  Forge  
  15  1:28  Pylon  
  15  1:34  Zealot  
  15  1:43  Zealot  
  19  1:47  Photon Cannon  
  19  1:53  Zealot  
  21  2:01  Zealot x2  
  31  2:43  Pylon  
Spawning Tool Build Advisor. Get it on Overwolf

Go to:

Details

  • Created by: zuka      
  • Published on: Feb 25, 2019
  • Patch: 4.7.1
Show
View Real Time Build Order
Export as new Build Order

Comments (2)

On March 12, 2019, 2:04 p.m., Horuss  said:

It's a good build, EZ cheese if you don't want to play pvp but don't want to give points for free however I have found a lot of protoss are aware of this now and prepare, my cannon seems to be really late but good build indeed.

On March 8, 2019, 10:54 p.m., Seemrum  said:

Very easy cheese, 1st game back after two years away, nailed it.... And I'm no pro so I think most newbies will be able to pull this one off if they watch the video!

Create an account to comment!